Map: Oxide LE

Players

Kelazhur - Winner!

  • Race: Terran Terran

Cham

  • Race: Zerg Zerg

Event: DreamHack SC2 Masters 2021 Winter

VOD

Have the link to the VOD?

Description

Time

  • Played on: Sept. 30, 2021, 3:27 p.m.
  • Length: 11:54

All games in this series

Show
View Real Time Build Order
Export as new Build Order

Kelazhur Terran - Winner!

Build Orders: Reaper Expand 

Get SALT Encoding   

  12  0:00  SCV  
  13  0:12  SCV  
  14  0:17  Supply Depot  
  14  0:24  SCV  
  15  0:39  SCV  
  15  0:41  Barracks  
  16  0:43  Refinery  
  16  0:51  SCV  
  17  1:03  SCV  
  18  1:15  SCV  
  19  1:28  Reaper, Orbital Command  
  20  1:38  Command Center  
  20  1:51  Barracks  
  20  1:53  SCV  
  21  2:00  Barracks Reactor  
  21  2:05  SCV  
  22  2:09  Supply Depot  
  22  2:14  Refinery  
  22  2:18  SCV  
  23  2:24  Factory  
  23  2:31  SCV  
  24  2:37  Marine x2  
  24  2:38  Barracks Tech Lab  
  24  2:43  SCV  
  27  2:51  Orbital Command  
  27  2:55  SCV, Marine x2  
  30  2:59  Marine  
  30  3:04  Stimpack  
  31  3:07  SCV  
  32  3:14  Marine  
  32  3:15  Marine  
  32  3:18  SCV  
  36  3:20  SCV, Marine  
  36  3:25  Starport  
  37  3:28  Factory Reactor  
  37  3:30  SCV  
  37  3:33  Marine x2  
  40  3:35  SCV  
  41  3:42  Supply Depot, SCV  
  41  3:44  Marine  
  41  3:47  SCV  
  44  3:54  SCV  
  44  3:55  Marine  
  46  3:57  Supply Depot  
  46  4:03  SCV, Marine x2  
  46  4:08  Supply Depot  
  50  4:16  Medivac  
  53  4:18  Medivac, SCV  
  53  4:19  SCV  
  55  4:27  Command Center  
  55  4:31  SCV, Marine x2  
  56  4:32  Marine  
  56  4:34  SCV  
  56  4:37  Supply Depot  
  60  4:43  SCV  
  60  4:45  Combat Shield  
  61  4:46  Widow Mine, SCV  
  61  4:50  Supply Depot  
  64  4:55  SCV, Marine x3  
  64  4:59  SCV  
  69  5:01  Medivac  
  71  5:11  SCV x2, Factory Tech Lab  
  71  5:12  Marine  
  71  5:13  Marine x2  
  76  5:14  Refinery  
  76  5:15  Refinery  
  76  5:18  Engineering Bay x2  
  76  5:23  SCV  
  77  5:31  SCV  
  77  5:32  Marine  
  77  5:33  Marine x2  
  77  5:35  SCV  
  82  5:37  Siege Tank  
  82  5:40  Orbital Command  
  85  5:43  SCV  
  86  5:50  SCV  
  82  5:57  Marine x3  
  82  5:58  SCV  
  82  6:01  Starport Reactor  
  82  6:02  Orbital Command  
  82  6:03  Terran Infantry Weapons Level 1, Terran Infantry Armor Level 1  
  86  6:05  Barracks  
  86  6:07  SCV  
  86  6:10  SCV  
  88  6:12  Siege Tank  
  88  6:17  Barracks  
  88  6:18  Barracks  
  91  6:19  SCV  
  89  6:27  Marine  
  89  6:28  SCV  
  89  6:35  Marine x2  
  90  6:40  SCV x2  
  90  6:41  SCV  
  90  6:44  Siege Tank  
  90  6:45  Marine  
  96  6:52  SCV  
  96  6:53  SCV x2, Marine x2  
  99  6:58  Marine x2  
  99  7:01  Armory  
  100  7:02  Medivac  
  101  7:11  Supply Depot x3, Barracks Reactor x2  
  101  7:19  Marine x3  
  101  7:20  Medivac, SCV x3  
  109  7:24  Refinery  
  109  7:26  Refinery  
  109  7:32  Medivac, Marine x2  
  109  7:33  SCV x3, Siege Tank  
  119  7:37  Marine  
  119  7:38  Marine x2  
  119  7:42  Command Center  
  122  7:47  Marine x3  
  122  7:48  Marine  
  122  7:49  Medivac  
  122  7:50  Supply Depot, Terran Vehicle Weapons Level 1, Marine x2  
  129  7:55  Marine  
  129  7:56  Marine x2  
  132  8:05  Marine  
  133  8:08  Terran Infantry Weapons Level 2, Terran Infantry Armor Level 2  
  133  8:11  Marine x5  
  133  8:12  Supply Depot  
  138  8:13  Supply Depot, Marine  
  138  8:14  Marine x2  
  138  8:24  Marine  
  138  8:25  Siege Tank  
  137  8:29  Marine x3  
  137  8:34  Marine x3  
  138  8:35  Medivac  
  138  8:36  Medivac  
  138  8:38  Marine  
  146  8:44  Barracks x2  
  146  8:46  Barracks  
  146  8:49  Marine x4  
  146  8:50  Missile Turret, Marine  
  146  8:52  Marine  
  152  8:58  Siege Tank  
  146  9:06  Marine  
  146  9:07  Marine x2  
  145  9:20  SCV x2  
  145  9:21  Marine x6  
  153  9:24  Marine  
  153  9:30  Siege Tank  
  157  9:31  Factory  
  154  9:39  Marine  
  154  9:40  Marine x10  
  154  9:42  Marine  
  161  9:57  Marine x3  
  161  9:58  Marine x6  
  170  10:01  Medivac  
  170  10:04  Marine  
  172  10:07  Planetary Fortress  
  172  10:08  Medivac  
  172  10:09  SCV  
  172  10:10  SCV  
  172  10:15  Siege Tank  
  172  10:19  Sensor Tower, Command Center  
  172  10:27  SCV, Marine x2  
  172  10:28  SCV, Factory Tech Lab  
  172  10:36  Supply Depot x3, Marine  
  172  10:37  Marine  
  172  10:38  SCV, Marine x3  
  172  10:39  SCV  
  172  10:41  SCV  
  175  10:48  Barracks Tech Lab x2  
  175  10:53  Medivac  
  175  10:56  Siege Tank  
  173  11:05  Marine  
  173  11:06  Marauder, Marine x6  
  182  11:14  Marine  
  182  11:16  Marauder x2  
  187  11:24  Marine  
  187  11:25  Marine x4  
  185  11:27  Marauder  
  180  11:33  Marine x4  
Show
View Real Time Build Order
Export as new Build Order

Cham Zerg 

Build Orders: Hatch First 

Get SALT Encoding   

  12  0:00  Drone  
  13  0:09  Drone  
  14  0:21  Overlord  
  14  0:25  Extractor  
  14  0:27  Drone  
  14  0:28  Drone, Extractor  
  16  0:50  Hatchery  
  16  0:55  Drone  
  16  0:58  Drone  
  16  1:01  Drone  
  18  1:16  Spawning Pool  
  17  1:18  Extractor  
  17  1:20  Drone  
  17  1:23  Drone  
  18  1:28  Drone  
  19  1:38  Drone  
  20  1:49  Drone  
  21  2:02  Queen x2  
  21  2:03  Zergling x4  
  27  2:12  Drone  
  28  2:19  Hatchery  
  27  2:26  Drone  
  27  2:45  Drone, Overlord  
  27  2:48  Overlord  
  28  2:53  Metabolic Boost  
  28  2:55  Overlord  
  28  3:03  Queen  
  28  3:04  Drone  
  33  3:06  Drone  
  33  3:09  Drone  
  33  3:11  Drone  
  36  3:13  Drone x2  
  36  3:14  Drone x2  
  38  3:20  Queen  
  38  3:24  Overlord  
  40  3:27  Drone  
  40  3:29  Drone  
  40  3:32  Drone  
  43  3:38  Queen  
  45  3:43  Queen  
  45  3:45  Drone  
  48  3:48  Spore Crawler  
  48  3:50  Drone  
  48  3:55  Drone x3  
  51  3:56  Drone  
  51  4:02  Queen  
  54  4:04  Drone  
  54  4:06  Drone  
  54  4:07  Zergling x2  
  54  4:08  Zergling x2  
  58  4:10  Zergling x2  
  58  4:12  Zergling x2  
  58  4:16  Queen  
  62  4:21  Overlord  
  62  4:22  Drone x2  
  64  4:24  Drone  
  64  4:25  Drone  
  64  4:30  Overlord x2  
  66  4:38  Queen  
  66  4:39  Lair  
  66  4:41  Drone  
  66  4:42  Drone  
  66  4:43  Drone  
  71  4:47  Drone  
  71  4:51  Spore Crawler  
  71  4:52  Drone x2  
  73  4:53  Drone  
  73  4:55  Extractor  
  73  4:56  Spore Crawler, Overlord  
  72  5:01  Drone x3  
  72  5:04  Extractor  
  72  5:05  Roach Warren  
  73  5:07  Drone x2, Extractor  
  73  5:10  Overlord  
  73  5:12  Drone x2  
  75  5:15  Overlord  
  75  5:18  Drone x2  
  75  5:20  Overlord  
  77  5:21  Drone  
  78  5:37  Drone  
  78  5:39  Drone  
  78  5:41  Evolution Chamber x2  
  78  5:46  Roach x6  
  78  5:47  Drone x4, Roach  
  78  5:49  Drone x2, Overlord  
  98  5:51  Drone  
  98  5:52  Drone  
  98  5:56  Drone  
  101  6:04  Extractor x2  
  101  6:06  Roach x2  
  101  6:10  Overlord  
  103  6:11  Glial Reconstitution  
  103  6:15  Roach x4  
  111  6:18  Hatchery  
  111  6:24  Roach x2  
  106  6:27  Roach x2  
  103  6:34  Roach x2  
  103  6:36  Roach x2  
  103  6:37  Roach x2  
  103  6:39  Drone  
  115  6:48  Roach x3  
  115  6:50  Overlord  
  122  6:54  Drone  
  122  6:57  Drone  
  124  7:01  Roach x3  
  124  7:06  Drone  
  129  7:12  Zerg Ground Armor Level 1  
  129  7:13  Overlord  
  129  7:14  Drone x2  
  131  7:21  Zerg Missile Weapons Level 1, Drone x3  
  131  7:22  Drone x3  
  137  7:24  Drone  
  138  7:30  Overlord x2  
  138  7:35  Drone  
  139  7:37  Infestation Pit  
  139  7:43  Roach x5  
  148  7:48  Overlord x2, Extractor  
  148  7:49  Overlord  
  148  7:50  Extractor  
  146  7:51  Overlord  
  146  7:56  Ravager  
  146  7:57  Drone x3  
  146  7:58  Drone x3  
  153  8:02  Drone x2  
  153  8:03  Roach x2  
  159  8:08  Overlord  
  159  8:11  Overlord  
  159  8:13  Infestor x2  
  158  8:22  Roach x4  
  160  8:29  Roach x2  
  160  8:30  Roach  
  159  8:35  Drone x3  
  159  8:36  Overlord x2  
  159  8:37  Ravager x3  
  159  8:41  Hive  
  165  8:42  Overlord  
  165  8:43  Roach  
  165  8:44  Roach x2  
  171  8:48  Roach x2  
  171  8:50  Ravager x2  
  171  8:52  Roach  
  179  9:01  Roach x5  
  183  9:14  Roach x8  
  199  9:17  Zerg Missile Weapons Level 2  
  199  9:19  Zerg Ground Armor Level 2  
  199  9:26  Ravager  
  199  9:30  Overlord  
  196  9:42  Hatchery, Roach x2  
  199  9:49  Roach  
  199  9:50  Roach x3  
  193  10:19  Tunneling Claws  
  193  10:21  Spire, Burrow  
  190  10:26  Roach  
  190  10:27  Roach x13  
  185  10:35  Ravager  
  184  10:36  Ravager  
  184  10:40  Ravager  
  184  10:41  Ravager  
  184  10:42  Ravager  
  186  10:43  Drone  
  186  10:44  Drone  
  186  10:46  Drone  
  186  10:47  Drone x2  
  186  10:48  Roach  
  186  10:49  Ravager x2  
  195  10:53  Extractor  
  195  10:54  Roach x3, Extractor  
  195  10:55  Ravager  
  200  11:03  Overlord x2  
  184  11:13  Roach x8  
  199  11:24  Roach x4  

Tags
 
Add a new tag
Caveats
  • Supply blocks, unpowered buildings, or Contaminate may cause inaccurate times.
  • Supply counts are checked every 10 seconds.